SL
LAS VEGAS FLAMINGOS @ ROCKY MOUNTAIN NUGGETS
07/18/2021
 
TOP OF THE 1ST
Las Vegas Flamingos batting - Pitching for Rocky Mountain Nuggets : RHP Félix Jiménez
Pitching: RHP Félix Jiménez
Batting: RHB Aaron Harper 0-0: Ball
1-0: Foul Ball, location: 2F
1-1: Ball
2-1: Foul Ball, location: 2F
2-2: Ball
3-2: Base on Balls
Batting: RHB Wayne Bannatyne 0-0: Called Strike
0-1: Ball
1-1: Foul Ball, location: 2F
1-2: Ball
2-2: Strikes out swinging
Batting: RHB Jeff Young 0-0: Called Strike
0-1: Ball
1-1: Grounds into double play, 1-6-3 (Groundball, 15)
Top of the 1st over - 0 run(s), 0 hit(s), 0 error(s), 0 left on base; Las Vegas 0 - Rocky Mountain 0
BOTTOM OF THE 1ST
Rocky Mountain Nuggets batting - Pitching for Las Vegas Flamingos : RHP Herman Barnes
Pitching: RHP Herman Barnes
Batting: LHB Chris Whiteside 0-0: Ball
1-0: Called Strike
1-1: Ball
2-1: Fly out, F6 (Popup, 6D)
Batting: LHB Randy Bowen 0-0: Ball
1-0: Called Strike
1-1: Ball
2-1: Ball
3-1: SINGLE (Groundball, 34)
Batting: RHB Michael Riley 0-0: Called Strike
0-1: Foul Ball, location: 2F
0-2: Strikes out looking
Batting: RHB David Verhoeve 0-0: Ball
1-0: Foul Ball, location: 2F
1-1: SINGLE (Line Drive, 4MD)
Randy Bowen to second
Batting: RHB Toshitsugu Sakamoto 0-0: Ball
1-0: SINGLE (Line Drive, 6D)
Randy Bowen to third
David Verhoeve to second
Batting: SHB Jim Morris 0-0: Ball
1-0: Ball
2-0: Foul Ball, location: 2F
2-1: DOUBLE (Line Drive, 9LS)
Randy Bowen scores
David Verhoeve scores
Toshitsugu Sakamoto to third
Runner from 3rd tries for Home, SAFE, no throw or cutoff
Batting: RHB Juan Ávila 0-0: Foul Ball, location: 2F
0-1: Ball
1-1: SINGLE (Line Drive, 9S)
Jim Morris to third
Runner from 3rd tries for Home, SAFE, throw made home
Batting: LHB Egidio Agnolutto 0-0: Fly out, F9 (Flyball, 89S)
Bottom of the 1st over - 4 run(s), 5 hit(s), 0 error(s), 1 left on base; Las Vegas 0 - Rocky Mountain 4
TOP OF THE 2ND
Las Vegas Flamingos batting - Pitching for Rocky Mountain Nuggets : RHP Félix Jiménez
Batting: RHB Travis Newsome 0-0: Ball
1-0: Called Strike
1-1: Foul Ball, location: 2F
1-2: Ball
2-2: Foul Ball, location: 2F
2-2: Ball
3-2: Base on Balls
Batting: LHB José Meléndez 0-0: Foul Ball, location: 2F
0-1: Ball
1-1: Fly out, F5 (Popup, 5F)
Batting: RHB Matt Sheppard 0-0: Ball
1-0: Called Strike
1-1: Ball
2-1: SINGLE (Line Drive, 3D)
Travis Newsome to second
Batting: LHB Ron Goodwin 0-0: Ball
1-0: Grounds into double play, 1-6-3 (Groundball, 13)
Top of the 2nd over - 0 run(s), 1 hit(s), 0 error(s), 1 left on base; Las Vegas 0 - Rocky Mountain 4
BOTTOM OF THE 2ND
Rocky Mountain Nuggets batting - Pitching for Las Vegas Flamingos : RHP Herman Barnes
Batting: SHB Jorge Colomo 0-0: Ball
1-0: Ground out 6-3 (Groundball, 6)
Batting: LHB Chris Whiteside 0-0: Called Strike
0-1: Ball
1-1: Ball
2-1: Foul Ball, location: 2F
2-2: SINGLE (Groundball, 3L)
Batting: LHB Randy Bowen 0-0: Called Strike
0-1: Ground out 5-3 (Groundball, 56S)
Chris Whiteside to second
Batting: RHB Michael Riley 0-0: Ball
1-0: Ball
2-0: Called Strike
2-1: Foul Ball, location: 2F
2-2: Fly out, F8 (Flyball, 8RD)
Bottom of the 2nd over - 0 run(s), 1 hit(s), 0 error(s), 1 left on base; Las Vegas 0 - Rocky Mountain 4
TOP OF THE 3RD
Las Vegas Flamingos batting - Pitching for Rocky Mountain Nuggets : RHP Félix Jiménez
Batting: RHB Steven Talley 0-0: Swinging Strike
0-1: Foul Ball, location: 2F
0-2: Ball
1-2: Foul Ball, location: 2F
1-2: Foul Ball, location: 2F
1-2: Fly out, F9 (Flyball, 9M)
Batting: RHB Manny Freitas 0-0: Ball
1-0: Called Strike
1-1: Fly out, F3 (Popup, 23)
Batting: RHB Aaron Harper 0-0: Called Strike
0-1: Swinging Strike
0-2: Ball
1-2: Hit by Pitch
Batting: RHB Wayne Bannatyne 0-0: Foul Ball, location: 2F
0-1: Called Strike
0-2: Ball
1-2: Foul Ball, location: 2F
1-2: Ball
2-2: Foul Ball, location: 2F
2-2: Foul Ball, location: 2F
2-2: Ball
3-2: Fly out, F3 (Popup, 3)
Top of the 3rd over - 0 run(s), 0 hit(s), 0 error(s), 1 left on base; Las Vegas 0 - Rocky Mountain 4
BOTTOM OF THE 3RD
Rocky Mountain Nuggets batting - Pitching for Las Vegas Flamingos : RHP Herman Barnes
Batting: RHB David Verhoeve 0-0: Ball
1-0: Ball
2-0: Ball
3-0: Base on Balls
Batting: RHB Toshitsugu Sakamoto 0-0: Ball
1-0: Ground out 5-3 (Groundball, 5S)
David Verhoeve to second
Batting: SHB Jim Morris 0-0: Ball
1-0: Ball
2-0: Called Strike
2-1: Foul Ball, location: 2F
2-2: Ball
3-2: Base on Balls
Batting: RHB Juan Ávila 0-0: Swinging Strike
0-1: Grounds into double play, 4-6-3 (Groundball, 4)
Bottom of the 3rd over - 0 run(s), 0 hit(s), 0 error(s), 1 left on base; Las Vegas 0 - Rocky Mountain 4
TOP OF THE 4TH
Las Vegas Flamingos batting - Pitching for Rocky Mountain Nuggets : RHP Félix Jiménez
Batting: RHB Jeff Young 0-0: Ground out 6-3 (Groundball, 6)
Batting: RHB Travis Newsome 0-0: Foul Ball, location: 2F
0-1: SOLO HOME RUN (Flyball, 78XD), Distance : 412 ft
Batting: LHB José Meléndez 0-0: Called Strike
0-1: Ball
1-1: Called Strike
1-2: Ball
2-2: Foul Ball, location: 2F
2-2: Ground out 4-3 (Groundball, 4)
Batting: RHB Matt Sheppard 0-0: Called Strike
0-1: Fly out, F8 (Flyball, 8RM)
Top of the 4th over - 1 run(s), 1 hit(s), 0 error(s), 0 left on base; Las Vegas 1 - Rocky Mountain 4
BOTTOM OF THE 4TH
Rocky Mountain Nuggets batting - Pitching for Las Vegas Flamingos : RHP Herman Barnes
Batting: LHB Egidio Agnolutto 0-0: Ball
1-0: Called Strike
1-1: Swinging Strike
1-2: Foul Ball, location: 2F
Reached via error on a dropped throw, E1
Batting: SHB Jorge Colomo 0-0: Ball
1-0: Ball
2-0: Ball
3-0: Base on Balls
Egidio Agnolutto to second
Batting: LHB Chris Whiteside 0-0: Ball
1-0: Fielders Choice at 2nd, 6-4 (Groundball, 6)
Egidio Agnolutto to third
Batting: LHB Randy Bowen 0-0: Called Strike
0-1: DOUBLE (Flyball, 8RM)
Egidio Agnolutto scores
Chris Whiteside to third
Runner from 3rd tries for Home, SAFE, no throw or cutoff
Pitching: LHP Russ Melanson
Batting: RHB Michael Riley 0-0: Ball
1-0: Ball
2-0: Called Strike
2-1: Ball
3-1: Ground out 3-1 (Groundball, 34)
Randy Bowen to third
Batting: RHB David Verhoeve 0-0: Ball
1-0: SINGLE (Groundball, 6MD)
Randy Bowen scores
Batting: RHB Toshitsugu Sakamoto 0-0: Called Strike
0-1: Ball
1-1: Foul Ball, location: 2F
1-2: Ball
2-2: Ball
3-2: SINGLE (Line Drive, 56D)
David Verhoeve to second
David Verhoeve to third
Batting: SHB Jim Morris 0-0: Ball
1-0: Called Strike
1-1: Ball
2-1: Ball
3-1: Base on Balls
Toshitsugu Sakamoto to second
Batting: RHB Juan Ávila 0-0: Ball
1-0: Fly out, F8 (Flyball, 8RXD)
Bottom of the 4th over - 3 run(s), 3 hit(s), 1 error(s), 3 left on base; Las Vegas 1 - Rocky Mountain 7
TOP OF THE 5TH
Las Vegas Flamingos batting - Pitching for Rocky Mountain Nuggets : RHP Félix Jiménez
Batting: LHB Ron Goodwin 0-0: Foul Ball, location: 2F
0-1: Called Strike
0-2: Ball
1-2: Foul Ball, location: 2F
1-2: Ball
2-2: Foul Ball, location: 2F
2-2: Strikes out looking
Batting: RHB Steven Talley 0-0: Called Strike
0-1: Ball
1-1: Ball
2-1: Ball
3-1: Ground out 4-3 (Groundball, 4)
Batting: RHB Manny Freitas 0-0: Ball
1-0: Ball
2-0: Ball
3-0: Base on Balls
Batting: RHB Aaron Harper 0-0: Ball
1-0: Called Strike
1-1: Ball
2-1: Called Strike
2-2: Foul Ball, location: 2F
2-2: Strikes out swinging
Top of the 5th over - 0 run(s), 0 hit(s), 0 error(s), 1 left on base; Las Vegas 1 - Rocky Mountain 7
BOTTOM OF THE 5TH
Rocky Mountain Nuggets batting - Pitching for Las Vegas Flamingos : LHP Russ Melanson
Batting: LHB Egidio Agnolutto 0-0: Swinging Strike
0-1: Fly out, F3 (Popup, 3S)
Batting: SHB Jorge Colomo 0-0: Called Strike
0-1: Ball
1-1: Ball
2-1: SINGLE (Groundball, 5D)
Batting: LHB Chris Whiteside 0-0: Ball
1-0: SINGLE (Groundball, 6MD)
Jorge Colomo to second
Batting: LHB Randy Bowen 0-0: Ball
1-0: Swinging Strike
1-1: Called Strike
1-2: Strikes out swinging
Batting: RHB Michael Riley 0-0: Ball
1-0: Ball
2-0: Ball
3-0: Base on Balls
Jorge Colomo to third
Chris Whiteside to second
Batting: RHB David Verhoeve 0-0: Ball
1-0: Ball
2-0: SINGLE (Line Drive, 7S)
Jorge Colomo scores
Chris Whiteside to third
Michael Riley to second
Runner from 3rd tries for Home, SAFE, no throw or cutoff
Batting: RHB Toshitsugu Sakamoto 0-0: Called Strike
0-1: Ball
1-1: Ball
2-1: Ball
3-1: Called Strike
3-2: DOUBLE (Line Drive, 8LD)
Michael Riley scores
David Verhoeve to third
David Verhoeve scores
Pitching: RHP Jeff Pearson
Batting: SHB Jim Morris 0-0: Foul Ball, location: 2F
0-1: SINGLE (Groundball, 34D)
Toshitsugu Sakamoto to third
Runner from 3rd tries for Home, SAFE, no throw or cutoff
Batting: RHB Juan Ávila 0-0: Foul Ball, location: 2F
0-1: Called Strike
0-2: Ball
1-2: Foul Ball, location: 2F
1-2: Fly out, F6 (Popup, 6MD)
Bottom of the 5th over - 5 run(s), 5 hit(s), 0 error(s), 1 left on base; Las Vegas 1 - Rocky Mountain 12
TOP OF THE 6TH
Las Vegas Flamingos batting - Pitching for Rocky Mountain Nuggets : RHP Félix Jiménez
Batting: RHB Wayne Bannatyne 0-0: Called Strike
0-1: Ball
1-1: Fly out, F7 (Flyball, 7S)
Batting: RHB Jeff Young 0-0: Ball
1-0: Ball
2-0: Fly out, F8 (Flyball, 89M)
Batting: RHB Travis Newsome 0-0: Fly out, F7 (Popup, 6D)
Top of the 6th over - 0 run(s), 0 hit(s), 0 error(s), 0 left on base; Las Vegas 1 - Rocky Mountain 12
BOTTOM OF THE 6TH
Rocky Mountain Nuggets batting - Pitching for Las Vegas Flamingos : RHP Jeff Pearson
Batting: LHB Egidio Agnolutto 0-0: SINGLE (Groundball, 34D)
Batting: SHB Jorge Colomo 0-0: Called Strike
Egidio Agnolutto steals 2nd base
0-1: Ball
1-1: Foul Ball, location: 2F
1-2: Strikes out swinging
Batting: LHB Chris Whiteside 0-0: Called Strike
0-1: Ball
1-1: Foul Ball, location: 2F
1-2: Foul Ball, location: 2F
1-2: Ground out 6-3 (Groundball, 6)
Batting: LHB Randy Bowen 0-0: Foul Ball, location: 2F
0-1: Ball
1-1: Ball
2-1: Ball
3-1: Called Strike
3-2: Base on Balls
Batting: RHB Michael Riley 0-0: Ball
1-0: Ball
2-0: Ground out 1-3 (Groundball, 15S)
Bottom of the 6th over - 0 run(s), 1 hit(s), 0 error(s), 2 left on base; Las Vegas 1 - Rocky Mountain 12
TOP OF THE 7TH
Las Vegas Flamingos batting - Pitching for Rocky Mountain Nuggets : RHP Félix Jiménez
Batting: LHB José Meléndez 0-0: Ball
1-0: Ball
2-0: Ball
3-0: Base on Balls
Batting: RHB Matt Sheppard 0-0: Ball
1-0: Ball
2-0: Swinging Strike
2-1: Foul Ball, location: 2F
2-2: Ball
Wild Pitch!
José Meléndez to second
3-2: Foul Ball, location: 2F
3-2: Foul Ball, location: 2F
3-2: Fly out, F8 (Flyball, 8LD)
Runner from 2nd tags up, SAFE at 3rd, no throw
Pinch Hitting: LHB Sinclair van Kooten 0-0: Called Strike
0-1: Ground out 5-3 (Groundball, 5)
Batting: RHB Steven Talley 0-0: Called Strike
0-1: Ball
1-1: Foul Ball, location: 2F
1-2: Ball
2-2: Strikes out swinging
Top of the 7th over - 0 run(s), 0 hit(s), 0 error(s), 1 left on base; Las Vegas 1 - Rocky Mountain 12
BOTTOM OF THE 7TH
Rocky Mountain Nuggets batting - Pitching for Las Vegas Flamingos : RHP Jeff Pearson
Now at 1B: Sinclair van Kooten
Batting: RHB David Verhoeve 0-0: Ball
1-0: SINGLE (Line Drive, 8RS)
Batting: RHB Toshitsugu Sakamoto 0-0: Ball
1-0: Ball
2-0: Ball
3-0: Base on Balls
David Verhoeve to second
Batting: SHB Jim Morris 0-0: Sac Bunt - play at first, batter OUT! 5-3
David Verhoeve to third
Toshitsugu Sakamoto to second
Batting: RHB Juan Ávila 0-0: Ball
1-0: Ball
2-0: Called Strike
2-1: SINGLE (Groundball, 6MD)
David Verhoeve scores
Toshitsugu Sakamoto to third
Runner from 3rd tries for Home, SAFE, no throw or cutoff
Batting: LHB Egidio Agnolutto 0-0: Ball
1-0: Foul Ball, location: 2F
1-1: Ground out 4-3 (Groundball, 4M)
Juan Ávila to second
Batting: SHB Jorge Colomo 0-0: Ball
1-0: Ball
2-0: Fly out, F9 (Flyball, 89D)
Bottom of the 7th over - 2 run(s), 2 hit(s), 0 error(s), 1 left on base; Las Vegas 1 - Rocky Mountain 14
TOP OF THE 8TH
Las Vegas Flamingos batting - Pitching for Rocky Mountain Nuggets : RHP Félix Jiménez
Batting: RHB Manny Freitas 0-0: Ball
1-0: Called Strike
1-1: Ball
2-1: Foul Ball, location: 2F
2-2: Strikes out swinging
Batting: RHB Aaron Harper 0-0: Ground out U3 (Groundball, 3S)
Batting: RHB Wayne Bannatyne 0-0: Ball
1-0: Ball
2-0: Ball
3-0: Called Strike
3-1: Swinging Strike
3-2: Base on Balls
Pitching: RHP Artie Horton
Batting: RHB Jeff Young 0-0: Ball
1-0: Ball
Wild Pitch!
Wayne Bannatyne to second
2-0: Fly out, F5 (Line Drive, 5S)
Top of the 8th over - 0 run(s), 0 hit(s), 0 error(s), 1 left on base; Las Vegas 1 - Rocky Mountain 14
BOTTOM OF THE 8TH
Rocky Mountain Nuggets batting - Pitching for Las Vegas Flamingos : RHP Jeff Pearson
Batting: LHB Chris Whiteside 0-0: Ball
1-0: Called Strike
1-1: Ground out 6-3 (Groundball, 6)
Batting: LHB Randy Bowen 0-0: Reached on Error, E6 (Popup, 8LS)
Batting: RHB Michael Riley 0-0: Called Strike
0-1: Fly out, F2 (Popup, 2LF)
Batting: RHB David Verhoeve 0-0: Ball
1-0: Ball
2-0: Ball
3-0: Base on Balls
Randy Bowen to second
Batting: RHB Toshitsugu Sakamoto 0-0: Fly out, F8 (Flyball, 8RXD)
Bottom of the 8th over - 0 run(s), 0 hit(s), 1 error(s), 2 left on base; Las Vegas 1 - Rocky Mountain 14
TOP OF THE 9TH
Las Vegas Flamingos batting - Pitching for Rocky Mountain Nuggets : RHP Artie Horton
Batting: RHB Travis Newsome 0-0: Ball
1-0: Foul Ball, location: 2F
1-1: Ball
2-1: Swinging Strike
2-2: Foul Ball, location: 2F
2-2: Ball
3-2: Foul Ball, location: 2F
3-2: Strikes out swinging
Batting: LHB José Meléndez 0-0: Called Strike
0-1: Ball
1-1: Foul Ball, location: 2F
1-2: Ball
2-2: Foul Ball, location: 2F
2-2: Ball
3-2: SINGLE (Line Drive, 78S)
Batting: RHB Matt Sheppard 0-0: Ball
1-0: Called Strike
1-1: Ball
2-1: Ball
3-1: Swinging Strike
3-2: Fly out, F8 (Flyball, 8RD)
Batting: LHB Sinclair van Kooten 0-0: Called Strike
0-1: Swinging Strike
0-2: Strikes out looking
Top of the 9th over - 0 run(s), 1 hit(s), 0 error(s), 1 left on base; Las Vegas 1 - Rocky Mountain 14
This league is powered by Out of the Park Baseball, the baseball management simulation game for PC, Mac and Linux
Friday, January 22nd, 2016 - OOTP Baseball 16.9 Build 39